 Dungeon Crawl Stone Soup version 0.24.0-35-gdb84b6a5db (webtiles) character file.

Game seed: 5104897484000053235, levelgen mode: deterministic

23 PentaManta the Shield-Bearer (level 2, 0/21 HPs)
             Began as an Octopode Fighter on Nov 17, 2019.
             Slain by an orc
             ... wielding a +0 trident
              (3 damage)
             ... on level 3 of the Dungeon.
             The game lasted 00:02:00 (577 turns).

PentaManta the Shield-Bearer (Octopode Fighter)      Turns: 577, Time: 00:02:00

Health: 0/21       AC:  1    Str: 15    XL:     2   Next: 95%
Magic:  2/2        EV: 11    Int: 10    God:
Gold:   31         SH:  8    Dex: 11    Spells: 1/1 levels left

rFire    . . .     SeeInvis .   j - +0 dagger
rCold    . . .     Gourm    .   b - +0 shield
rNeg     . . .     Faith    .   (helmet restricted)
rPois    .         Spirit   .   (no amulet)
rElec    .         Reflect  .   (no ring)
rCorr    .         Harm     .   (no ring)
MR       .....                  (no ring)
Stlth    +++.......             (no ring)
HPRegen  0.07/turn              (no ring)
MPRegen  0.08/turn              (no ring)
                                (no ring)
                                (no ring)

@: no status effects
A: almost no armour, stealthy swim, amphibious, 8 rings, constrict 8, camouflage
1, gelatinous body 1
a: no special abilities


You were on level 3 of the Dungeon.
You were not hungry.

You visited 1 branch of the dungeon, and saw 3 of its levels.

You collected 31 gold pieces.

Inventory:

Hand Weapons
 a - a +0 rapier
 j - a +0 dagger (weapon)
Missiles
 i - 6 poisoned darts (quivered)
Armour
 b - a +0 shield (worn)
Scrolls
 h - a scroll of identify {unknown}
Potions
 c - a potion of might
 e - a potion of agility {unknown}
 f - 2 potions of lignification {unknown}
 g - a potion of curing {unknown}
Comestibles
 d - 2 rations


   Skills:
 - Level 3.0 Fighting
 + Level 2.2 Short Blades
 * Level 3.3 Dodging
 + Level 1.2 Stealth
 * Level 3.3 Shields


You had one spell level left.
You didn't know any spells.
Your spell library was empty.

Dungeon Overview and Level Annotations

Branches:
Dungeon (3/15)

Altars:

Annotations:
D:2 Jessica, Sigmund


Innate Abilities, Weirdness & Mutations

You cannot wear most types of armour.
You are very stealthy in the water. (Stealth+)
You are amphibious.
You can wear up to eight rings at the same time.
You can use your tentacles to constrict eight enemies at once.
Your skin changes colour to match your surroundings (Stealth+).
Your rubbery body absorbs attacks. (AC +1, EV +1)


Message History

The giant cockroach is severely wounded.
You constrict the giant cockroach.
You kill the giant cockroach!
The hobgoblin hits you but does no damage.
You hit the hobgoblin but do no damage. Your grab misses the hobgoblin.
You block the orc's attack. The hobgoblin closely misses you.
You barely miss the hobgoblin. Your grab misses the hobgoblin.
You block the orc's attack. The hobgoblin closely misses you.
You hit the hobgoblin. You grab the hobgoblin.
The hobgoblin is severely wounded.
You constrict the hobgoblin.
You kill the hobgoblin!
The orc hits you from afar with a +0 trident.
* * * LOW HITPOINT WARNING * * *
The orc barely misses you.
Items here: $ ) [ † a cursed -2 club; a +0 ring mail; 4 gold pieces; an orc corpse You barely miss the orc.
Your grab misses the orc. The orc hits you with a +0 trident.
You die...

#####......##.# .
#.........#
#.........# #
#.........#.#
#.........#.###..
#.#######.#......
#.# ##...### #.#
#......# #.@†...#
#..o...#
........#
..........+
+...........#
#...........#
....##.......
.... #........


You could see an orc.

Vanquished Creatures
  A dart slug (D:1)
  3 orcs (D:3)
  A giant cockroach (D:3)
  4 hobgoblins
  3 kobolds
  2 bats (D:1)
  2 rats
16 creatures vanquished.

Notes
Turn   | Place    | Note
-------+----------+-------------------------------------------
     0 | D:1      | PentaManta the Octopode Fighter began the quest for the
                  | Orb.
     0 | D:1      | Reached XP level 1. HP: 16/16 MP: 1/1
    74 | D:1      | Reached XP level 2. HP: 20/21 MP: 2/2
   118 | D:1      | You fall into a shaft and drop 1 floor!
   118 | D:2      | Noticed Jessica
   118 | D:2      | Noticed Sigmund
   225 | D:3      | Reached skill level 1 in Stealth
   577 | D:3      | Slain by an orc

Levels and vault maps discovered:
D:1:      lightli_arrival_maybe_door_vault, layout_rooms
D:2:      layout_basic, overflow_temple_1_default, first_ration,
          minmay_pentomino_p4, uniq_sigmund, uniq_jessica
D:3:      layout_basic, cheibrodos_ashenzari_chains

Skill      XL: |  1  2 |
---------------+-------+-----
Stealth        | 1 |  1.2
Fighting       | |  3.0
Short Blades   | |  2.2
Dodging        | |  3.3
Shields        | |  3.3

Action                   || total
-------------------------++-------
Melee: Rapier            ||    19
       Dagger            ||    15
       Constrict         ||     9
       Tentacles         ||     4
Armor: Skin              ||     3
Dodge: Dodged            ||    29
Block: Shield            ||     6
